[ AOE2 MATCH · #505048680 ]
UnrankedLithuanians vs Malians
Player's team · LOSS
Rival team · WIN
[ REPLAY ANALYSIS · EXTRACTED FROM THE RECORDED GAME ]
Feudal
8:00
Castle
21:05
Imperial
—
| APM avg | 49.5 |
| APM peak | 101 |
| eAPM avg | 22.6 |
| Villagers / military | 81 / 58 |
Focus
⚔️ 39.4% · 🌾 60.6%
Archer ×44 · Monk ×5 · Skirmisher ×5 · Scout Cavalry ×3 · Spearman ×1
Feudal
8:50
Castle
20:37
Imperial
—
| APM avg | 91.2 |
| APM peak | 120 |
| eAPM avg | 41.0 |
| Villagers / military | 114 / 52 |
Focus
⚔️ 42.8% · 🌾 57.2%
Archer ×32 · Skirmisher ×10 · Monk ×3 · Militia ×3 · Knight ×2 · Spearman ×2
Match map
Initial resources + every placement click. Lines = walls · curves = elevation contours. ◆ gold · ⬟ stone · ● berries · ✦ relic · ◌ wall gap
Your base· Open — opponent sealed themselves in
NOC | Terz's base· ✓ Closed at 20:37 · 48t walls · 1 gate(s)
Smoothed initial terrain · ◌ = detected wall gap · hover for details
Inputs per minute
— Andi - - NOC | Terz
Build order — Andi
First 150 of 215 actions detected
| 0:00 | Queue | Villager (Male) |
| 0:00 | Queue | Villager (Male) |
| 0:00 | Queue | Villager (Male) |
| 0:01 | Build | House |
| 0:02 | Build | House |
| 0:19 | Queue | Villager (Male) |
| 0:19 | Queue | Villager (Male) |
| 0:26 | Queue | Villager (Male) |
| 0:26 | Queue | Villager (Male) |
| 0:26 | Queue | Villager (Male) |
| 1:26 | Queue | Villager (Male) |
| 1:58 | Queue | Villager (Male) |
| 1:58 | Queue | Villager (Male) |
| 2:16 | Build | Lumber Camp |
| 3:07 | Queue | Villager (Male) |
| 3:07 | Queue | Villager (Male) |
| 3:08 | Queue | Villager (Male) |
| 3:29 | Queue | Villager (Male) |
| 3:29 | Queue | Villager (Male) |
| 3:30 | Queue | Villager (Male) |
| 3:50 | Build | House |
| 4:00 | Queue | Villager (Male) |
| 4:31 | Queue | Villager (Male) |
| 4:39 | Build | Mill |
| 5:49 | Research | Feudal Age |
| 6:58 | Build | Barracks |
| 7:15 | Build | House |
| 7:24 | Queue | Villager (Male) |
| 7:24 | Queue | Villager (Male) |
| 7:26 | Research | Loom |
| 8:00 | Age | Feudal Age |
| 8:06 | Build | Stable |
| 8:06 | Queue | Spearman |
| 8:19 | Research | Double-Bit Axe |
| 8:38 | Queue | Villager (Male) |
| 8:48 | Queue | Scout Cavalry |
| 8:51 | Build | House |
| 8:54 | Build | Palisade Gate |
| 8:57 | Queue | Villager (Male) |
| 9:04 | Build | House |
| 9:05 | Build | Palisade Wall |
| 9:19 | Queue | Villager (Male) |
| 9:23 | Queue | Scout Cavalry |
| 9:29 | Queue | Villager (Male) |
| 9:34 | Build | Palisade Wall |
| 10:17 | Queue | Villager (Male) |
| 10:28 | Build | Palisade Wall |
| 10:32 | Build | Archery Range |
| 10:53 | Build | Mining Camp |
| 10:54 | Queue | Villager (Male) |
| 11:07 | Queue | Scout Cavalry |
| 11:08 | Queue | Villager (Male) |
| 11:28 | Queue | Villager (Male) |
| 11:42 | Queue | Archer |
| 11:43 | Queue | Villager (Male) |
| 12:03 | Queue | Villager (Male) |
| 12:11 | Build | Blacksmith |
| 12:12 | Queue | Skirmisher |
| 12:25 | Queue | Skirmisher |
| 12:34 | Build | House |
| 12:36 | Queue | Skirmisher |
| 12:52 | Queue | Villager (Male) |
| 13:02 | Research | Fletching |
| 13:19 | Queue | Skirmisher |
| 13:22 | Queue | Villager (Male) |
| 13:35 | Queue | Archer |
| 13:52 | Queue | Villager (Male) |
| 13:53 | Queue | Archer |
| 13:53 | Queue | Archer |
| 14:21 | Queue | Villager (Male) |
| 14:37 | Research | Horse Collar |
| 14:48 | Queue | Villager (Male) |
| 14:54 | Build | House |
| 14:55 | Build | House |
| 14:56 | Build | Market |
| 14:59 | Build | Farm |
| 14:59 | Build | Farm |
| 14:59 | Build | Farm |
| 15:00 | Build | Farm |
| 15:00 | Build | Farm |
| 15:00 | Build | Farm |
| 15:00 | Build | Farm |
| 15:16 | Build | Farm |
| 15:24 | Build | Farm |
| 15:36 | Queue | Villager (Male) |
| 15:39 | Build | Farm |
| 16:02 | Queue | Villager (Male) |
| 16:10 | Build | Farm |
| 16:28 | Queue | Villager (Male) |
| 16:40 | Build | Farm |
| 16:43 | Queue | Skirmisher |
| 16:44 | Queue | Archer |
| 16:47 | Queue | Villager (Male) |
| 17:15 | Queue | Archer |
| 17:21 | Queue | Villager (Male) |
| 17:56 | Queue | Villager (Male) |
| 18:25 | Research | Castle Age |
| 18:34 | Queue | Archer |
| 18:52 | Build | Lumber Camp |
| 19:02 | Queue | Archer |
| 19:02 | Queue | Archer |
| 19:16 | Queue | Archer |
| 19:18 | Research | Padded Archer Armor |
| 19:22 | Build | House |
| 19:23 | Build | House |
| 19:50 | Queue | Archer |
| 20:15 | Queue | Archer |
| 20:15 | Queue | Archer |
| 20:23 | Build | Archery Range |
| 20:27 | Build | Palisade Wall |
| 20:29 | Queue | Archer |
| 20:47 | Build | House |
| 20:49 | Build | House |
| 20:51 | Build | House |
| 20:54 | Queue | Archer |
| 21:05 | Age | Castle Age |
| 21:06 | Queue | Archer |
| 21:09 | Research | Bodkin Arrow |
| 21:10 | Research | Crossbowman (upgrade) |
| 21:11 | Queue | Villager (Male) |
| 21:12 | Research | Bow Saw |
| 21:31 | Queue | Archer |
| 21:44 | Queue | Archer |
| 21:48 | Queue | Villager (Male) |
| 21:59 | Queue | Archer |
| 22:13 | Queue | Archer |
| 22:14 | Queue | Villager (Male) |
| 22:15 | Queue | Villager (Male) |
| 22:21 | Build | Monastery |
| 22:28 | Queue | Villager (Male) |
| 22:37 | Queue | Villager (Male) |
| 22:55 | Build | Town Center |
| 22:56 | Queue | Archer |
| 22:56 | Queue | Archer |
| 22:57 | Queue | Villager (Male) |
| 22:59 | Queue | Villager (Male) |
| 23:02 | Queue | Archer |
| 23:10 | Queue | Monk |
| 23:24 | Queue | Villager (Male) |
| 23:36 | Queue | Archer |
| 23:39 | Queue | Villager (Male) |
| 23:49 | Queue | Villager (Male) |
| 23:49 | Queue | Villager (Male) |
| 23:54 | Queue | Villager (Male) |
| 24:02 | Queue | Villager (Male) |
| 24:02 | Queue | Archer |
| 24:05 | Queue | Villager (Male) |
| 24:08 | Build | University |
| 24:10 | Queue | Villager (Male) |
| 24:13 | Queue | Archer |
Build order — NOC | Terz
First 150 of 296 actions detected
| 0:00 | Queue | Villager (Male) |
| 0:00 | Queue | Villager (Male) |
| 0:01 | Queue | Villager (Male) |
| 0:01 | Queue | Villager (Male) |
| 0:01 | Queue | Villager (Male) |
| 0:02 | Build | House |
| 0:03 | Build | House |
| 0:58 | Build | Palisade Wall |
| 1:28 | Queue | Villager (Male) |
| 1:28 | Queue | Villager (Male) |
| 1:57 | Queue | Villager (Male) |
| 2:17 | Build | Lumber Camp |
| 2:20 | Queue | Villager (Male) |
| 2:20 | Queue | Villager (Male) |
| 2:40 | Queue | Villager (Male) |
| 3:05 | Queue | Villager (Male) |
| 3:15 | Build | House |
| 3:16 | Build | House |
| 3:21 | Build | House |
| 3:24 | Queue | Villager (Male) |
| 3:41 | Build | Palisade Gate |
| 3:47 | Queue | Villager (Male) |
| 3:52 | Build | Palisade Wall |
| 3:55 | Build | Palisade Wall |
| 3:57 | Build | Palisade Wall |
| 4:21 | Queue | Villager (Male) |
| 4:34 | Queue | Villager (Male) |
| 5:04 | Build | Barracks |
| 5:11 | Queue | Villager (Male) |
| 5:20 | Research | Loom |
| 5:42 | Queue | Villager (Male) |
| 5:43 | Research | Loom |
| 5:49 | Build | House |
| 6:28 | Research | Feudal Age |
| 6:29 | Research | Feudal Age |
| 6:39 | Build | Mining Camp |
| 6:54 | Queue | Militia |
| 6:54 | Queue | Militia |
| 7:24 | Queue | Militia |
| 7:41 | Queue | Villager (Male) |
| 8:08 | Queue | Villager (Male) |
| 8:50 | Age | Feudal Age |
| 8:52 | Build | Archery Range |
| 8:53 | Build | Palisade Wall |
| 8:56 | Build | Palisade Wall |
| 8:57 | Research | Man-at-Arms (upgrade) |
| 9:03 | Build | Mill |
| 9:08 | Build | House |
| 9:08 | Build | House |
| 9:10 | Queue | Spearman |
| 9:22 | Queue | Villager (Male) |
| 9:55 | Queue | Villager (Male) |
| 10:00 | Queue | Archer |
| 10:06 | Build | House |
| 10:16 | Queue | Archer |
| 10:19 | Queue | Villager (Male) |
| 10:22 | Build | Blacksmith |
| 10:29 | Queue | Spearman |
| 10:39 | Build | Palisade Wall |
| 10:50 | Queue | Villager (Male) |
| 10:52 | Build | Palisade Wall |
| 11:06 | Queue | Archer |
| 11:06 | Queue | Archer |
| 11:13 | Queue | Villager (Male) |
| 11:14 | Queue | Villager (Male) |
| 11:16 | Build | House |
| 11:17 | Build | Palisade Wall |
| 11:20 | Build | Palisade Wall |
| 11:29 | Build | House |
| 11:40 | Build | Palisade Wall |
| 11:43 | Build | House |
| 11:45 | Queue | Villager (Male) |
| 11:46 | Queue | Villager (Male) |
| 11:54 | Build | Farm |
| 11:57 | Build | Palisade Wall |
| 12:04 | Build | Farm |
| 12:07 | Build | Farm |
| 12:14 | Queue | Villager (Male) |
| 12:16 | Build | Palisade Wall |
| 12:26 | Build | Farm |
| 12:39 | Build | House |
| 12:48 | Queue | Villager (Male) |
| 12:50 | Build | Farm |
| 12:51 | Queue | Archer |
| 12:51 | Queue | Archer |
| 13:10 | Build | Farm |
| 13:10 | Queue | Villager (Male) |
| 13:10 | Queue | Villager (Male) |
| 13:18 | Queue | Villager (Male) |
| 13:26 | Queue | Archer |
| 13:26 | Queue | Archer |
| 13:34 | Build | Farm |
| 13:38 | Queue | Villager (Male) |
| 13:51 | Queue | Archer |
| 13:58 | Research | Double-Bit Axe |
| 14:15 | Queue | Villager (Male) |
| 14:17 | Build | Farm |
| 14:27 | Build | Farm |
| 14:31 | Queue | Archer |
| 14:39 | Queue | Villager (Male) |
| 14:49 | Build | Farm |
| 15:00 | Build | Farm |
| 15:03 | Queue | Villager (Male) |
| 15:16 | Build | Farm |
| 15:31 | Queue | Villager (Male) |
| 15:35 | Build | Farm |
| 15:39 | Queue | Archer |
| 16:07 | Queue | Villager (Male) |
| 16:10 | Build | Farm |
| 16:24 | Queue | Villager (Male) |
| 16:27 | Build | Farm |
| 16:40 | Queue | Villager (Male) |
| 17:07 | Queue | Villager (Male) |
| 17:45 | Queue | Archer |
| 17:57 | Research | Castle Age |
| 17:59 | Build | Stable |
| 18:08 | Build | House |
| 18:18 | Build | Palisade Wall |
| 18:31 | Research | Fletching |
| 18:32 | Queue | Archer |
| 18:40 | Build | House |
| 18:43 | Research | Horse Collar |
| 18:50 | Build | Farm |
| 18:52 | Build | Farm |
| 18:58 | Queue | Archer |
| 19:14 | Research | Scale Barding Armor |
| 19:27 | Queue | Archer |
| 19:32 | Build | Farm |
| 19:33 | Build | Farm |
| 19:37 | Build | House |
| 19:41 | Queue | Villager (Male) |
| 19:53 | Build | Market |
| 19:55 | Build | Palisade Wall |
| 20:37 | Age | Castle Age |
| 20:40 | Research | Crossbowman (upgrade) |
| 20:41 | Research | Bodkin Arrow |
| 20:47 | Queue | Villager (Male) |
| 20:56 | Build | Farm |
| 21:05 | Queue | Knight |
| 21:07 | Queue | Villager (Male) |
| 21:09 | Build | Town Center |
| 21:14 | Queue | Villager (Male) |
| 21:25 | Queue | Villager (Male) |
| 21:31 | Build | House |
| 21:32 | Queue | Villager (Male) |
| 21:39 | Queue | Villager (Male) |
| 21:52 | Queue | Villager (Male) |
| 21:52 | Queue | Villager (Male) |
| 22:05 | Queue | Knight |
| 22:06 | Queue | Archer |
Match timeline
| 0:58 | NOC | Terz · wall_segment Palisade Wall x1 |
| 3:52 | NOC | Terz · wall_segment Palisade Wall x1 |
| 3:55 | NOC | Terz · wall_segment Palisade Wall x1 |
| 3:57 | NOC | Terz · wall_segment Palisade Wall x1 |
| 5:04 | NOC | Terz · first_building Barracks |
| 6:58 | Andi · first_building Barracks |
| 8:00 | Andi · age_up feudal |
| 8:06 | Andi · first_building Stable |
| 8:50 | NOC | Terz · age_up feudal |
| 8:52 | NOC | Terz · first_building Archery Range |
| 8:53 | NOC | Terz · wall_segment Palisade Wall x3 |
| 8:56 | NOC | Terz · wall_segment Palisade Wall x3 |
| 9:05 | Andi · wall_segment Palisade Wall x1 |
| 9:34 | Andi · wall_segment Palisade Wall x1 |
| 10:28 | Andi · wall_segment Palisade Wall x1 |
| 10:32 | Andi · first_building Archery Range |
| 10:39 | NOC | Terz · wall_segment Palisade Wall x11 |
| 10:52 | NOC | Terz · wall_segment Palisade Wall x12 |
| 11:17 | NOC | Terz · wall_segment Palisade Wall x1 |
| 11:20 | NOC | Terz · wall_segment Palisade Wall x10 |
| 11:40 | NOC | Terz · wall_segment Palisade Wall x1 |
| 11:57 | NOC | Terz · wall_segment Palisade Wall x1 |
| 12:16 | NOC | Terz · wall_segment Palisade Wall x5 |
| 17:58 | Andi · first_market_buy 100 food |
| 17:58 | Andi · first_market_sell 100 wood |
| 17:59 | NOC | Terz · first_building Stable |
| 18:18 | NOC | Terz · wall_segment Palisade Wall x1 |
| 19:55 | NOC | Terz · wall_segment Palisade Wall x1 |
| 20:27 | Andi · wall_segment Palisade Wall x1 |
| 20:37 | NOC | Terz · age_up castle |
| 21:05 | Andi · age_up castle |
| 22:21 | Andi · first_building Monastery |
| 24:13 | NOC | Terz · first_building Monastery |
| 30:23 | Andi · resign |
[ AI ANALYSIS · 1 CREDIT ]
What really happened in this match?
Wolo.gg analyzes every decision: build order, eco, micro, common mistakes by bracket. Personalized analysis on WhatsApp or Discord in 30 seconds.
Civ guide
Lithuanians
Perfil
Jugador #4756000